 Dungeon Crawl Stone Soup version 0.26-a0-466-g989023bd0d (webtiles) character file.

Game seed: 3096264585627542758

146 1player the Cudgeler (level 5, -3/33 HPs)
             Began as a Gargoyle Fighter on Aug 10, 2020.
             Blown up by Ijyb (18 damage)
             ... with a disintegration bolt
             ... on level 3 of the Dungeon.
             The game lasted 00:04:40 (1768 turns).

1player the Cudgeler (Gargoyle Fighter)             Turns: 1768, Time: 00:04:40

Health: -3/33      AC: 14    Str: 21    XL:     5   Next: 28%
Magic:  5/5        EV:  8    Int:  8    God:
Gold:   85         SH: 10    Dex:  9    Spells: 4/4 levels left

rFire    . . .     SeeInvis +   b - +0 dagger (venom)
rCold    . . .     Faith    .   c - +1 kite shield
rNeg     + . .     Spirit   .   m - +0 scale mail
rPois    ∞         Reflect  .   f - +2 helmet {SInv}
rElec    +         Harm     .   (no cloak)
rCorr    .                      (no gloves)
MR       .....                  (no boots)
Stlth    ..........             (no amulet)
HPRegen  0.11/turn              (no ring)
MPRegen  0.09/turn              (no ring)

@: mighty
A: negative energy resistance 1, electricity resistance, unbreathing,
petrification resistance, rot immunity, AC +4
a: no special abilities


You were on level 3 of the Dungeon.
You visited 1 branch of the dungeon, and saw 3 of its levels.

You collected 85 gold pieces.

Inventory:

Hand Weapons
 a - a +2 vampiric hand axe
 b - a +0 dagger of venom (weapon)
 i - a cursed +0 short sword
 n - a +0 flail
Armour
 c - a +1 kite shield (worn)
 f - a +2 helmet of see invisible (worn)
 m - a +0 scale mail (worn)
Scrolls
 g - a scroll of remove curse {@r2}
 h - a scroll of enchant armour
 j - a scroll of blinking {unknown}
 o - a scroll of immolation
 p - a scroll of identify {unknown}
 r - a scroll of fear {unknown}
Potions
 k - a potion of heal wounds {unknown}
 l - a potion of stabbing {unknown}
 q - a potion of curing {unknown}
 s - a potion of magic {unknown}


   Skills:
 + Level 3.8 Fighting
 - Level 3.9 Maces & Flails
 + Level 3.8 Armour
 + Level 1.1 Dodging
 + Level 3.8 Shields


You had 4 spell levels left.
You didn't know any spells.
Your spell library was empty.

Dungeon Overview and Level Annotations

Branches:
Dungeon (3/15)

Altars:

Annotations:
D:3 Ijyb


Innate Abilities, Weirdness & Mutations

You are resistant to torment.
Your stone body is resilient. (AC +4)
You are immune to poison.
You resist negative energy. (rN+)
You are resistant to electric shocks. (rElec)
You can survive without breathing.
You are immune to petrification.
You are immune to rotting.


Message History

Found 19 arrows.
Found a stone staircase leading down.
s - a glowing green potion
There is a stone staircase leading down here.
Ijyb the Twisted Goblin comes into view.
She is wielding a +0 dagger and carrying a wand of disintegration (16).
Ijyb shouts!
Press: ? - help, v - describe, . - travel
Here: Ijyb, wielding a +0 dagger, wearing a +0 ring mail and carrying a wand of disintegration (16)
The floor.
Ijyb zaps a wand.
You are blasted!
Ouch! That really hurt!
* * * LOW HITPOINT WARNING * * *
Unknown command.
You feel very mighty all of a sudden.
Ijyb screams, "You nasty!
Big nasty!"
Ijyb zaps a wand.
You are blasted!
Ouch! That really hurt!
You die...

###........#####
#.######## ##.##
###...######
#.....(.....
.....#...######
#######.#####
#...>.########.##
#####....@....g..
#############


You could see Ijyb.

Vanquished Creatures
  Natasha (D:3)
  4 gnolls (D:3)
  2 adders (D:2)
  An adder skeleton (D:2)
  5 dart slugs
  2 leopard geckos (D:3)
  2 giant cockroaches (D:2)
  5 goblins
  6 hobgoblins
  8 jackals
  A quokka (D:2)
  4 bats
  5 kobolds
  4 rats
50 creatures vanquished.

Notes
Turn   | Place    | Note
-------+----------+-------------------------------------------
     0 | D:1      | 1player the Gargoyle Fighter began the quest for the Orb.
     0 | D:1      | Reached XP level 1. HP: 14/14 MP: 1/1
     9 | D:1      | Noticed a centaur
   101 | D:1      | Reached XP level 2. HP: 15/19 MP: 2/2
   498 | D:1      | Reached XP level 3. HP: 23/23 MP: 3/3
  1105 | D:2      | Reached XP level 4. HP: 28/28 MP: 4/4
  1605 | D:3      | Reached skill level 1 in Dodging
  1605 | D:3      | Reached XP level 5. HP: 25/33 MP: 5/5
  1703 | D:3      | Noticed Natasha
  1708 | D:3      | Killed Natasha
  1765 | D:3      | Noticed Ijyb
  1768 | D:3      | Blown up by Ijyb

Illustrated notes

Levels and vault maps discovered:
D:1:      evilmike_arrival_come_back, layout_rooms
D:2:      layout_loops_corners, serial_bayou_pond_d
D:3:      layout_loops_ring, uniq_ijyb, uniq_natasha

Skill      XL: |  1  2  3  4 |
---------------+-------------+-----
Maces & Flails | 3 |  3.9
Dodging        | 1 |  1.1
Fighting       | |  3.8
Armour         | |  3.8
Shields        | |  3.8

Action                   |  1- 3 |  4- 6 || total
-------------------------+-------+-------++-------
Melee: Flail             |    86 |       ||    86
       Dagger            |    22 |    33 ||    55
       Hand axe          |     8 |     1 ||     9
  Use: Scroll            |     3 |       ||     3
       Potion            |       |     1 ||     1
Armor: Scale mail        |    61 |    18 ||    79
Dodge: Dodged            |    32 |     8 ||    40
Block: Kite shield       |    66 |    17 ||    83

Table legend: (Time is in decaauts)
 A = Elapsed time spent in this place.
 B = Non-inter-level travel time spent in this place.
 C = Inter-level travel time spent in this place.
 D = Time resting spent in this place.
 E = Time spent auto-exploring this place.
 F = Levels seen in this place.
 G = Mean time per level.
                   A        B        C        D        E       F      G
               +--------+--------+--------+--------+--------+-----+--------+
         Total |   1799 |   1761 |     38 |    209 |   1045 |   3 |  599.7 |
       Dungeon |   1799 |   1761 |     38 |    209 |   1045 |   3 |  599.7 |
               +--------+--------+--------+--------+--------+-----+--------+

Top non-repeatable levels by time:
     D:2: 952 daAuts
     D:1: 548 daAuts
     D:3: 298 daAuts
